 Dungeon Crawl Stone Soup version 0.31-a0-95-g6fa058ef04 (webtiles) character file.

Game seed: 547714297416512059

267462 Drazool the Unforgettable (level 19, -16/100 HPs)
             Began as a Spriggan Hunter on May 25, 2023.
             Was the Champion of Hepliaklqana.
             Shot with a bolt by a yaktaur captain (37 damage)
             ... on level 1 of the Vaults.
             The game lasted 02:07:35 (36046 turns).

Drazool the Unforgettable (Spriggan Hunter)        Turns: 36046, Time: 02:07:36

Health: -16/100    AC: 17    Str:  7    XL:     19   Next: 35%
Magic:  33/33      EV: 23    Int: 11    God:    Hepliaklqana [******]
Gold:   3308       SH:  0    Dex: 26    Spells: 13/18 levels left

rFire   . . .        N - +3 arbalest (freeze)
rCold   + . .        (shield currently unavailable)
rNeg    . . .        r - +0 swamp dragon scales
rPois   +            D - +2 hat
rElec   .            I - +2 cloak "Nakkiwan" {Fly rC+}
rCorr   .            (gloves unavailable)
SInv    +            (boots unavailable)
Will    +++..        O - amulet of regeneration
Stlth   +++++        T - +4 ring of protection
HPRegen 1.16/turn    L - ring of flight
MPRegen 0.23/turn

%: no passive effects
@: flying, very quick
A: reduced essence, very small, no large weapons, unfitting armour, see
invisible, speed 3
}: 2/15 runes: decaying, serpentine
a: Renounce Religion, Recall Ancestor, Ancestor Identity, Transference, Idealise


You were on level 1 of the Vaults.
You worshipped Hepliaklqana.
Hepliaklqana was exalted by your worship.
You visited 8 branches of the dungeon, and saw 34 of its levels.
You also visited: Ice Cave and Desolation.

You collected 4022 gold pieces.
You spent 714 gold pieces at shops.


Innate Abilities, Weirdness & Mutations

Your life essence is reduced to manifest your ancestor. (-10% HP)
You are very small and have problems with some larger weapons.
You are too small for most types of armour.
You have supernaturally acute eyesight. (SInv)
You cover ground extremely quickly. (Speed+++)


   Skills:
 - Level 17.2 Fighting
 - Level 18.0 Ranged Weapons
 - Level 5.0 Armour
 - Level 10.5 Dodging
 - Level 12.1 Stealth
 + Level 13.1 Translocations
 - Level 19.0 Invocations


You had 13 spell levels left.
You knew the following spells:

 Your Spells              Type           Power      Damage    Failure   Level
o - Portal Projectile     Hex/Tloc       28%        N/A       22%         3
B - Blink                 Tloc           56%        N/A       1%          2

Your spell library contained the following spells:

 Spells                   Type           Power      Damage    Failure   Level
 Apportation              Tloc           56%        N/A       1%          1
 Lesser Beckoning         Tloc           56%        N/A       1%          2
 Passage of Golubria      Tloc           28%        N/A       4%          4
 Momentum Strike          Conj/Tloc      28%        3d8       12%         2
 Volatile Blastmotes      Fire/Tloc      28%        2d12      22%         3
 Iskenderun's Mystic Bla  Conj/Tloc      14%        2d5       58%         4
 Magic Dart               Conj           0%         1d3       73%         1
 Shock                    Conj/Air       0%         1d3       73%         1
 Sting                    Tmut/Pois      0%         1d3       73%         1
 Call Imp                 Summ           0%         N/A       86%         2
 Poisonous Vapours        Pois/Air       0%         N/A       86%         2
 Searing Ray              Conj           0%         2d4       86%         2
 Static Discharge         Conj/Air       0%         2-2/arc   86%         2
 Sublimation of Blood     Necr           0%         N/A       86%         2
 Summon Forest            Summ/Tloc      7%         N/A       91%         5
 Call Canine Familiar     Summ           0%         N/A       97%         3
 Mephitic Cloud           Conj/Pois/Air  0%         N/A       97%         3
 Ozocubu's Armour         Ice            0%         N/A       97%         3
 Stone Arrow              Conj/Erth      0%         3d7       97%         3
 Swiftness                Air            0%         N/A       97%         3
 Tukima's Dance           Hex            0%         N/A       97%         3
 Airstrike                Air            0%         2d(0-16)  100%        4
 Anguish                  Hex/Necr       0%         N/A       100%        4
 Animate Armour           Summ/Erth      0%         N/A       100%        4
 Animate Dead             Necr           0%         N/A       100%        4
 Cause Fear               Hex            0%         N/A       100%        4
 Fulminant Prism          Conj/Hex       0%         3d5       100%        4
 Leda's Liquefaction      Hex/Erth       0%         N/A       100%        4
 Olgreb's Toxic Radiance  Pois           0%         N/A       100%        4
 Petrify                  Tmut/Erth      0%         N/A       100%        4
 Summon Lightning Spire   Summ/Air       0%         N/A       100%        4
 Alistair's Intoxication  Tmut/Pois      0%         N/A       100%        5
 Blade Hands              Tmut           0%         N/A       100%        5
 Borgnjor's Vile Clutch   Necr/Erth      0%         N/A       100%        5
 Irradiate                Conj/Tmut      0%         3d11      100%        5
 Iskenderun's Battlesphe  Conj           0%         2d6       100%        5
 Lee's Rapid Deconstruct  Erth           0%         3d4*      100%        5
 Yara's Violent Unravell  Hex/Tmut       0%         3d3       100%        5
 Conjure Ball Lightning   Conj/Air       0%         3x3d6     100%        6
 Death Channel            Necr           0%         N/A       100%        6
 Eringya's Noxious Bog    Tmut/Pois      0%         N/A       100%        6
 Leda's Unmaking          Conj/Erth      0%         9d1       100%        6
 Statue Form              Tmut/Erth      0%         N/A       100%        6
 Dragon Form              Tmut           0%         N/A       100%        7
 Enfeeble                 Hex            0%         N/A       100%        7
 Malign Gateway           Summ/Tloc      7%         N/A       100%        7
 Ozocubu's Refrigeration  Ice            0%         4d7       100%        7
 Summon Hydra             Summ           0%         N/A       100%        7
 Borgnjor's Revivificati  Necr           0%         N/A       100%        8
 Discord                  Hex            0%         N/A       100%        8
 Disjunction              Tloc           14%        N/A       100%        8
 Lehudib's Crystal Spear  Conj/Erth      0%         10d2      100%        8
 Necromutation            Tmut/Necr      0%         N/A       100%        8
 Summon Horrible Things   Summ           0%         N/A       100%        8
 Death's Door             Necr           0%         N/A       100%        9
 Dragon's Call            Summ           0%         N/A       100%        9

Inventory:

Hand Weapons
 N - a +3 arbalest of freezing (weapon)
Armour
 r - +0 swamp dragon scales (worn)
 D - a +2 hat (worn)
 I - the +2 cloak "Nakkiwan" (worn) {Fly rC+}
   (You found it on level 10 of the Dungeon)

   rC:        It protects you from cold.
   Fly:       It grants you flight.
 S - a +1 troll leather armour
Magical Staves
 d - the staff of conjuration "Cong" {rPois Str-2 Int+3, !a}
   (You found it on level 13 of the Dungeon)

   [staff of conjuration]

   Base accuracy: +5 Base damage: 5 Base attack delay: 1.2 This weapon's minimum
   attack delay (0.6) is reached at skill level 12.
   Str:       It affects your strength (-2).
   Int:       It affects your intelligence (+3).
   rPois:     It protects you from poison.
   It falls into the 'Staves' category.
   It is a two-handed weapon.
Jewellery
 t - an amulet of reflection
 C - a ring of protection from cold
 F - a ring of protection from fire
 L - a ring of flight (right hand)
 O - an amulet of regeneration (around neck)
 T - a +4 ring of protection (left hand)
 V - the amulet of Surprise {Faith rPois Int-4 Slay+2 SInv}
   (You found it in an ice cave)

   [amulet of faith]

   It allows you to gain divine favour quickly.
   Int:       It affects your intelligence (-4).
   Slay:      It affects your accuracy & damage with ranged weapons and melee
   (+2).
   rPois:     It protects you from poison.
   SInv:      It lets you see invisible.
Wands
 c - a wand of acid (6)
 i - a wand of roots (27)
 y - a wand of paralysis (8)
 J - a wand of flame (21)
 W - a wand of mindburst (18)
 X - a wand of digging (6)
Scrolls
 b - 3 scrolls of immolation
 e - 5 scrolls of enchant armour
 h - 8 scrolls of enchant weapon
 m - a scroll of blinking
 p - 5 scrolls of poison
 s - 3 scrolls of amnesia
 u - 6 scrolls of fog
 w - 8 scrolls of teleportation {@r2}
 x - 7 scrolls of torment
 B - 6 scrolls of fear
 G - a scroll of summoning
 R - 4 scrolls of brand weapon
 Y - 2 scrolls of magic mapping
Potions
 a - a potion of haste {@q3}
 f - 7 potions of lignification
 g - 10 potions of heal wounds {@q2}
 j - 3 potions of cancellation
 k - 3 potions of enlightenment
 l - a potion of invisibility
 n - 7 potions of might
 o - 3 potions of mutation
 q - 13 potions of curing {@q1}
 v - a potion of brilliance
 z - 7 potions of attraction
 H - 3 potions of magic
 K - 3 potions of berserk rage {!q}
 P - a potion of resistance
 Z - 2 potions of ambrosia
Miscellaneous
 A - a phial of floods
 E - a box of beasts
 M - a phantom mirror
 Q - a piece from Xom's chessboard (15/15)
 U - a condenser vane

Dungeon Overview and Level Annotations

Branches:
Dungeon (15/15)            Temple (1/1) D:6            Lair (5/5) D:10
  Swamp (4/4) Lair:2        Snake (4/4) Lair:2        Slime (0/5) Lair:5
    Orc (2/2) D:11            Elf (2/3) Orc:2        Vaults (1/5) D:14
 Depths (0/4) D:15          IceCv (visited)         Desolation (visited)

Altars:
Ashenzari
Cheibriados
Dithmenos
Elyvilon
Fedhas
Gozag
Hepliaklqana
Kikubaaqudgha
Makhleb
Nemelex Xobeh
Okawaru
Qazlal
Ru
Sif Muna
Trog
Uskayaw
Vehumet
Wu Jian
Xom
Yredelemnul
Zin
The Shining One
Jiyva

Shops:
D:8 *   D:13 *   D:14 *   Orc:2 [:*:(   Snake:1 (?*

Annotations:
D:3 3 runed translucent doors, osoart's ghost, amateur DgBr
D:12 3 runed translucent doors, rinse's ghost, journeyman MfMo
Lair:2 exclusion: oklob plant
Swamp:2 2 transporters, exclusion: obsidian statue
Snake:3 3 runed translucent doors, Holoquod's ghost, adept MiMo
Elf:2 Zenata

▒......R.....▒****+,,
▒....▒▒▒'▒▒▒▒▒,,,,,,,
▒....▒.......▒,,,,,,,
▒....▒.......▒****+,,
▒....▒.......▒,,,,*,,
▒....▒.......+,,,,*,,
▒....▒.......▒,,,,*,,
▒....'.......▒,,,,*,,
▒...@▒▒▒▒▒▒▒'▒*****++
▒.............,,,,,,,
▒...........,,*+*****
▒...........,,*,,,,,,
▒.....R.....,,*,,,,,,
▒...........,,*,,,,,,
▒...........,,*,,,,,,
▒.....c.....,,*,,,,,,
▒...........,,*,,,,,,


You could see the friendly Marge Gunderson the knight (fast, reflecting) and a
yaktaur captain (ally target).


Message History

You add the spells Dragon Form and Dragon's Call to your library.
i - a wand of roots (27) (gained 3 charges)
You reach down and open the door.
There is an open door here.
There is an open door here.
A yaktaur captain comes into view.
You shoot a bolt. The bolt hits the yaktaur captain!!
The bolt freezes the yaktaur captain!
The yaktaur captain shouts!
The yaktaur captain is moderately wounded.
Marge Gunderson mumbles some strange words.
Marge Gunderson seems to speed up.
You shoot a bolt. The bolt hits the yaktaur captain!!!
The bolt freezes the yaktaur captain!
The yaktaur captain is almost dead.
You hear a shout!
The yaktaur captain wields a +0 arbalest.
The yaktaur captain shoots a bolt.
The bolt hits you!!!
Ouch! That really hurt!
* * * LOW HITPOINT WARNING * * *
Fire: N) +3 arbalest (freeze)
Press: ? - help, Q - select action, (/) - cycle Shift-Dir - straight line, f/p - yaktaur captain
Aim: a yaktaur captain, wielding a +0 arbalest (almost dead, ally target, 87% to hit)
You shoot a bolt.
The bolt hits the yaktaur captain but does no damage.
The yaktaur captain is almost dead.
The yaktaur captain shoots a bolt.
The bolt hits you!!
* * * LOW HITPOINT WARNING * * *
The yaktaur captain shoots a bolt.
The bolt hits you!!!
You die...

Skill      XL: |  1  2  3  4  5  6  7  8  9 10 11 12 13 14 15 16 17 18 19 |
---------------+----------------------------------------------------------+-----
Ranged Weapons | 5 6 7 8 10 12 14 16 17 18 | 18.0
Fighting       | 5 7 8 11 14 17 | 17.2
Dodging        | 7 10 | 10.5
Stealth        | 8 12 | 12.1
Invocations    | 1 9 14 18 19 | 19.0
Armour         | 4 5 |  5.0
Translocations | 7 13 | 13.1

Action                     |  1- 3 |  4- 6 |  7- 9 | 10-12 | 13-15 | 16-18 | 19-21 || total
---------------------------+-------+-------+-------+-------+-------+-------+-------++-------
   Fire: Shortbow          |    90 |   199 |   569 |    29 |       |       |       ||   887
         Orcbow            |       |       |       |   509 |       |       |       ||   509
         Arbalest          |       |       |       |   185 |  1367 |  1506 |   184 ||  3242
 Invoke: Recall Ancestor   |       |       |     4 |    19 |    34 |    28 |     9 ||    94
         Ancestor Identity |       |       |     1 |       |       |       |       ||     1
         Ancestor Life: Kn |       |       |       |     1 |       |       |       ||     1
         Idealise          |       |       |       |       |     4 |     8 |       ||    12
  Evoke: Wand              |       |       |       |     2 |     1 |       |       ||     3
    Use: Scroll            |       |       |    17 |     5 |    13 |     8 |     2 ||    45
         Potion            |       |       |     1 |       |       |       |       ||     1
 Armour: Robe              |     2 |     3 |    38 |       |       |       |       ||    43
         Steam dragon scal |       |       |     1 |    17 |    13 |       |       ||    31
         Troll leather arm |       |       |       |       |    49 |    20 |       ||    69
         Swamp dragon scal |       |       |       |       |       |    19 |     4 ||    23
  Dodge: Dodged            |    19 |    34 |   122 |   112 |   473 |   269 |    34 ||  1063

Levels and vault maps discovered:
D:1:      tekkud_arrival_beachfront_property, layout_basic, minmay_statues_item,
          minmay_tetromino_s4
D:2:      layout_rooms, shapermc_ecumenical_altar_mp_vishouse,
          minmay_crystal_room, uniq_jessica, uniq_sigmund
D:3:      layout_loops_cross, vehumet_crystals, gammafunk_ghost_nasty_kobolds
D:4:      layout_basic, nicolae_tso_besieged_by_evil
D:5:      layout_layer_cave, nicolae_wu_jian_immortal_techniques,
          nicolae_ru_sacrificial_ziggurat, goddamned_bats
D:6:      minmay_razor_zed, layout_rooms, gammafunk_temple_overflow_pools,
          nicolae_qazlal_scattered_showers, minmay_temple_entry_wispy,
          serial_corexii_hall, corexii_hall_statues_i, corexii_hall_statues_i,
          chequers_hall_statues_corner_a, hangedman_abyss_or_decor_passed,
          minivault_10, grunt_ministairs_2
D:7:      layout_loops_ring, nicolae_sif_muna_condensation
D:8:      layout_loops_ring, kennysheep_nub, nicolae_shop_overcharged_wands,
          uniq_erica
D:9:      layout_gridville, eat_drink_and_be_merry_uskayaw
D:10:     layout_long_grid, erik_lair_dragon
D:11:     layout_roguey [special_room_orc], hiddenorc2_lemuel, serial_curves,
          eino_curves_02, eino_curves_03, serial_bayou_lake_a
D:12:     hangedman_screamer, layout_cave_pools,
          gammafunk_ghost_fury_of_okawaru, kennysheep_generic_room_14,
          uniq_jorgrun
D:13:     minmay_the_grid_triangle_9x9_rhombus_thin_mashed
          [minmay_the_grid_triangle_9x9_alien,
          minmay_the_grid_triangle_9x9_prize_insulated,
          minmay_the_grid_triangle_9x9_sparse_checkered,
          minmay_the_grid_triangle_9x9_skeleton], layout_cave_pools,
          ebering_ghost_gozag, minivault_5, kennysheep_boxes, uniq_azrael
D:14:     layout_long_grid, ximxim_vaults_locker_room, serial_shops, shop,
          nicolae_gozag_cash_rules_everything_around_me
D:15:     gammafunk_enter_depths_forms, layout_layer_cave, okawaru_trees_2
Temple:   cyrus_circular_temple
Lair:1:   layout_roguey, basic_altar, serial_bayou_shore_a,
          infiniplex_staircase_pool
Lair:2:   layout_regular_city, skrybe_swamp_entry_bodies,
          minmay_snake_entry_six_corridors
Lair:3:   layout_loops_ring, grunt_megastairs_5, infiniplex_staircase_pool_2,
          lemuel_fruit_tree
Lair:4:   layout_roguey, minmay_holes
Lair:5:   minmay_lair_end_enchanted_forest, layout_cave_pods,
          nicolae_slime_entry_field_trip, chequers_serial_rivers_micro_d,
          grunt_megastairs_2, uniq_nessos
Swamp:1:  layout_basic_swamp, serial_swamp_ruin, evilmike_swamp_ruin_house_4,
          evilmike_swamp_ruin_house_5, evilmike_swamp_ruin_rubble_1, swamp_pool5
Swamp:2:  gammafunk_sealed_arena, layout_basic_swamp, hangedman_swamp_ruin_hall,
          uniq_louise
Swamp:3:  layout_basic_swamp, gammafunk_ghost_hydra_chop, hangedman_swamp_lotus
Swamp:4:  byrel_swamp_growth_death_and_undeath, layout_basic_swamp
Snake:1:  layout_misc_corridors, drop_trap, minmay_shoptagon, uniq_aizul
Snake:2:  layout_onion_interference, grunt_megastairs_4
Snake:3:  layout_honeycomb, gammafunk_ghost_split,
          hangedman_snake_corridor_split, grunt_megastairs_3, uniq_donald
Snake:4:  snake_pit, layout_basic, nicolae_snake_the_dead_are_slithering,
          uniq_vashnia, uniq_saint_roka
Orc:1:    layout_caves, portal_ice_cave_entry_ice_simulacra
Orc:2:    grunt_orc_gardens, layout_diamond_mine, grunt_orc_garden,
          grunt_orc_garden, grunt_orc_garden, grunt_orc_garden, serial_shops,
          shop_fountains, mines_bat_river
Elf:1:    elf_arrival_001, layout_gridlike,
          hangedman_elven_crosses_minicolossus, grunt_ministairs_10,
          minmay_elf_sorcery
Elf:2:    elven_hall_of_blades_hangedman_original
          [nicolae_blade_entry_pointy_end], layout_gridlike,
          nicolae_trove_entry_columns, gammafunk_ghost_grave,
          kilobyte_mutagenic_chamber, lemuel_upstairs_altar, uniq_zenata,
          uniq_asterion
Vaults:1: portal_desolation_entry_salt, nicolae_vaults_diagonal_hallway_7,
          vaults_mumra_chevron_long, nicolae_vaults_hexular_roomagon,
          vaults_room_corners, nicolae_vaults_tetromino_Z_2, v_misc_28,
          nicolae_vaults_six-pack, nicolae_vaults_tetromino_Z_1,
          layout_vaults_chaotic_city

Notes
Turn   | Place    | Note
-------+----------+-------------------------------------------
     0 | D:1      | Drazool the Spriggan Hunter began the quest for the Orb.
     0 | D:1      | Reached XP level 1. HP: 10/10 MP: 2/2
    81 | D:1      | Reached XP level 2. HP: 14/14 MP: 3/3
   384 | D:1      | Reached skill level 5 in Ranged Weapons
   405 | D:1      | Reached XP level 3. HP: 18/18 MP: 4/4
   742 | D:2      | Noticed Sigmund
   766 | D:1      | Killed Sigmund
   767 | D:1      | Reached skill level 6 in Ranged Weapons
   767 | D:1      | Reached XP level 4. HP: 20/22 MP: 5/5
   767 | D:1      | Reached XP level 5. HP: 23/25 MP: 6/6
   812 | D:2      | Reached skill level 7 in Ranged Weapons
   846 | D:2      | Noticed Jessica
   853 | D:2      | Killed Jessica
  1116 | D:2      | Reached XP level 6. HP: 30/30 MP: 7/7
  1191 | D:2      | Found a faded altar of an unknown god.
  1485 | D:3      | Found a runed translucent gate.
  1485 | D:3      | Found a runed translucent gate.
  1486 | D:3      | Found a runed translucent gate.
  1486 | D:3      | Noticed osoart's ghost (amateur DgBr)
  1562 | D:3      | Found a radiant altar of Vehumet.
  2398 | D:4      | Reached skill level 8 in Ranged Weapons
  2503 | D:4      | Reached XP level 7. HP: 29/33 MP: 6/8
  2619 | D:4      | Reached skill level 9 in Ranged Weapons
  2671 | D:4      | Found a glowing golden altar of the Shining One.
  2771 | D:5      | Entered Level 5 of the Dungeon
  3222 | D:5      | Reached skill level 10 in Ranged Weapons
  3257 | D:5      | Found a sacrificial altar of Ru.
  3457 | D:5      | Found an ornate altar of the Wu Jian Council.
  3593 | D:5      | Reached XP level 8. HP: 37/37 MP: 9/9
  4428 | D:6      | Reached skill level 11 in Ranged Weapons
  4522 | D:6      | Found a stormy altar of Qazlal.
  4878 | D:6      | Reached skill level 12 in Ranged Weapons
  4959 | D:6      | Found a staircase to the Ecumenical Temple.
  4971 | Temple   | Entered the Ecumenical Temple
  5020 | Temple   | Became a worshipper of Hepliaklqana the Forgotten
  5059 | D:6      | Found a broken altar of Ashenzari.
  5060 | D:6      | Found an iron altar of Okawaru.
  5295 | D:6      | Reached XP level 9. HP: 31/41 MP: 6/10
  5671 | D:7      | Found a shimmering blue altar of Sif Muna.
  5900 | D:7      | Reached skill level 13 in Ranged Weapons
  6571 | D:8      | Reached * piety under Hepliaklqana
  6580 | D:8      | Found Joekov's Overcharged Wands.
  7003 | D:8      | Reached skill level 14 in Ranged Weapons
  7144 | D:8      | Reached skill level 2 in Fighting
  7177 | D:8      | Noticed Erica
  7382 | D:8      | Reached skill level 3 in Fighting
  7789 | D:8      | Killed Erica
  7790 | D:8      | Reached skill level 5 in Fighting
  7790 | D:8      | Reached XP level 10. HP: 45/45 MP: 7/11
  8015 | D:9      | Found a hide-covered altar of Uskayaw.
  8267 | D:9      | Reached ** piety under Hepliaklqana
  8285 | D:9      | Reached skill level 6 in Fighting
  8580 | D:9      | Noticed a two-headed ogre
  8598 | D:9      | Killed a two-headed ogre
  8735 | D:10     | Entered Level 10 of the Dungeon
  9022 | D:10     | Identified the +2 cloak "Nakkiwan" {Fly rC+}
  9065 | D:10     | Reached skill level 7 in Fighting
  9277 | D:10     | Reached XP level 11. HP: 23/53 MP: 5/12
  9398 | D:10     | Found a staircase to the Lair.
  9947 | D:11     | Reached *** piety under Hepliaklqana
 10039 | D:10     | Reached skill level 15 in Ranged Weapons
 10179 | D:11     | Reached skill level 8 in Fighting
 10423 | D:11     | Noticed a boulder beetle
 10469 | D:11     | Killed a boulder beetle
 10785 | D:11     | Found a staircase to the Orcish Mines.
 10861 | D:11     | Reached skill level 16 in Ranged Weapons
 10861 | D:11     | Reached skill level 3 in Dodging
 10861 | D:11     | Reached skill level 2 in Stealth
 11042 | D:11     | Reached skill level 3 in Stealth
 11115 | D:11     | Noticed a two-headed ogre
 11177 | D:11     | Killed a two-headed ogre
 11178 | D:11     | Reached skill level 4 in Dodging
 11178 | D:11     | Reached skill level 4 in Stealth
 11309 | D:12     | Reached skill level 5 in Stealth
 11323 | D:11     | Reached skill level 5 in Dodging
 11334 | D:12     | Noticed Jorgrun
 11472 | Lair:1   | Entered Level 1 of the Lair of Beasts
 11535 | Lair:1   | Reached skill level 6 in Stealth
 11651 | Lair:1   | Reached skill level 6 in Dodging
 11742 | Lair:1   | Remembered your ancestor Marge Gunderson as a knight
 11784 | Lair:1   | Reached skill level 7 in Stealth
 11791 | Lair:1   | Found a sparkling altar of Nemelex Xobeh.
 11877 | Lair:1   | Reached skill level 7 in Dodging
 11885 | Lair:1   | Reached skill level 8 in Stealth
 11911 | Lair:1   | Reached XP level 12. HP: 57/57 MP: 13/13
 12001 | Lair:1   | Reached **** piety under Hepliaklqana
 12150 | Lair:1   | Got Xenygi Zusuu's Reference Book on Entranced Allies
 12409 | Lair:2   | Reached skill level 9 in Stealth
 12415 | Lair:2   | Reached skill level 8 in Dodging
 12439 | Lair:2   | Found a staircase to the Swamp.
 12478 | Lair:2   | Noticed a boulder beetle
 12690 | Lair:2   | Reached skill level 10 in Stealth
 12720 | Lair:2   | Reached skill level 9 in Dodging
 12935 | Lair:2   | Killed a boulder beetle
 12936 | Lair:2   | Reached skill level 11 in Stealth
 12958 | Lair:2   | Found a staircase to the Snake Pit.
 13065 | Lair:2   | Reached skill level 10 in Dodging
 13338 | Lair:2   | Reached skill level 12 in Stealth
 13849 | Lair:3   | Reached skill level 1 in Invocations
 13889 | Lair:3   | Reached skill level 17 in Ranged Weapons
 13951 | Lair:3   | Reached XP level 13. HP: 61/61 MP: 15/15
 13953 | Lair:3   | Reached skill level 2 in Invocations
 13971 | Lair:3   | Reached ***** piety under Hepliaklqana
 14544 | Lair:4   | Reached skill level 3 in Invocations
 14627 | Lair:4   | Reached skill level 4 in Invocations
 14940 | Lair:4   | Reached skill level 18 in Ranged Weapons
 15245 | Lair:5   | Entered Level 5 of the Lair of Beasts
 15251 | Lair:4   | Reached skill level 5 in Invocations
 15273 | Lair:5   | Noticed Nessos
 15325 | Lair:5   | Found a viscous altar of Jiyva.
 15486 | Lair:5   | Reached skill level 6 in Invocations
 15653 | Lair:5   | Killed Nessos
 15654 | Lair:5   | Reached skill level 7 in Invocations
 15801 | Lair:5   | Found a staircase to the Slime Pits.
 15833 | Lair:5   | Reached skill level 8 in Invocations
 16137 | Lair:5   | Reached skill level 9 in Invocations
 16333 | Lair:5   | Reached XP level 14. HP: 63/65 MP: 22/22
 16446 | Lair:5   | Reached skill level 10 in Invocations
 17093 | Orc:1    | Entered Level 1 of the Orcish Mines
 17135 | Orc:1    | Reached skill level 11 in Invocations
 17279 | Orc:1    | Found a frozen archway.
 17296 | IceCv    | Entered an ice cave
 17765 | IceCv    | Identified the amulet of Surprise {Faith rPois Int-4 Slay+2
                  | SInv}
 18126 | Orc:2    | Entered Level 2 of the Orcish Mines
 18166 | Orc:2    | Reached skill level 12 in Invocations
 18447 | Orc:2    | Found Xyicoisu's General Store.
 18455 | Orc:2    | Bought a scroll of magic mapping for 97 gold pieces
 18455 | Orc:2    | Bought a potion of magic for 104 gold pieces
 18497 | Orc:2    | Found Lojut's Antique Armour Emporium.
 18662 | Orc:2    | Noticed an orc warlord
 18796 | Orc:2    | Found a staircase to the Elven Halls.
 18846 | Orc:2    | Reached skill level 13 in Invocations
 18860 | Orc:2    | Found Ypnuga's Book Emporium.
 18942 | Orc:2    | Killed an orc warlord
 18997 | Orc:2    | Found Mokh's Book Emporium.
 18997 | Orc:2    | Noticed an orc warlord
 19110 | Orc:2    | Killed an orc warlord
 19165 | Orc:2    | Found Ydesuh Ycur's Antique Weapon Boutique.
 19296 | Orc:2    | Reached skill level 14 in Invocations
 20185 | D:12     | Killed Jorgrun
 20186 | D:12     | Reached XP level 15. HP: 69/69 MP: 25/27
 20273 | D:12     | Reached skill level 15 in Invocations
 20496 | D:12     | Found a runed translucent gate.
 20496 | D:12     | Found a runed translucent gate.
 20496 | D:12     | Found a runed translucent gate.
 20497 | D:12     | Found an iron altar of Okawaru.
 20498 | D:12     | Noticed rinse's ghost (journeyman MfMo)
 20598 | D:12     | Identified the +4 sling of Reason {antimagic, rF+}
 20729 | D:13     | Identified a potion of resistance
 20756 | D:13     | Reached ****** piety under Hepliaklqana
 21127 | D:13     | Noticed Azrael
 21134 | D:13     | Killed Azrael
 21158 | D:13     | Found a runed translucent gate.
 21158 | D:13     | Found a runed translucent gate.
 21158 | D:13     | Found a runed translucent gate.
 21164 | D:13     | Reached skill level 16 in Invocations
 21169 | D:13     | Found an opulent altar of Gozag.
 21175 | D:13     | Noticed Comisk's ghost (journeyman HuIE)
 21192 | D:13     | Found Banne's Assorted Antiques.
 21498 | D:13     | Identified the staff of conjuration "Cong" {rPois Str-2
                  | Int+3}
 21699 | D:13     | Identified the +0 ring mail of Ucekeusm {Harm rN+++ Str-2
                  | Int-3}
 21788 | D:13     | Reached skill level 17 in Invocations
 21885 | D:13     | Killed Comisk's ghost
 21952 | D:13     | Bought a scroll of identify for 74 gold pieces
 22196 | D:14     | Found Fufimos's General Store.
 22208 | D:14     | Bought a scroll of enchant weapon for 135 gold pieces
 22470 | D:14     | Found a gate to the Vaults.
 22709 | D:14     | Found an opulent altar of Gozag.
 22796 | D:15     | Entered Level 15 of the Dungeon
 22850 | D:15     | Reached skill level 18 in Invocations
 23196 | D:15     | Found an iron altar of Okawaru.
 23666 | D:15     | Reached XP level 16. HP: 72/72 MP: 30/30
 23703 | D:15     | Found a staircase to the Depths.
 24095 | Snake:1  | Entered Level 1 of the Snake Pit
 24117 | Snake:1  | Noticed Aizul
 24134 | Snake:1  | Killed Aizul
 24551 | Snake:1  | Found Biffuet's Assorted Antiques.
 24561 | Snake:1  | Reached skill level 19 in Invocations
 24576 | Snake:1  | Found Buthrumma's Magic Scroll Shoppe.
 24576 | Snake:1  | Found Vixahaha's Weapon Emporium.
 24597 | Snake:1  | Found Dupra's Assorted Antiques.
 24611 | Snake:1  | Bought a scroll of brand weapon for 152 gold pieces
 24611 | Snake:1  | Bought a scroll of enchant weapon for 120 gold pieces
 24912 | Snake:1  | Reached skill level 1 in Armour
 25188 | Snake:2  | Reached skill level 2 in Armour
 25272 | Snake:2  | Reached skill level 9 in Fighting
 25331 | Snake:2  | Identified the +3 quarterstaff of Atholoq {heavy, rC+
                  | rCorr}
 25773 | Snake:2  | Identified the +3 war axe of Yleimen {flame, Int+2}
 26217 | Snake:3  | Reached skill level 3 in Armour
 26245 | Snake:3  | Found a runed translucent gate.
 26246 | Snake:3  | Found a runed translucent gate.
 26247 | Snake:3  | Found a runed translucent gate.
 26369 | Snake:3  | Noticed Holoquod's ghost (adept MiMo)
 26559 | Snake:3  | Noticed Donald
 26567 | Snake:3  | Reached skill level 10 in Fighting
 26782 | Snake:3  | Killed Donald
 26950 | Snake:3  | Reached skill level 4 in Armour
 27408 | Snake:3  | Reached skill level 11 in Fighting
 27408 | Snake:3  | Reached XP level 17. HP: 81/81 MP: 31/31
 27734 | Swamp:1  | Entered Level 1 of the Swamp
 27831 | Swamp:1  | Reached skill level 5 in Armour
 28141 | Swamp:1  | You are sucked into a shaft and drop 1 floor!
 28141 | Swamp:2  | Found a transporter.
 28160 | Swamp:2  | Noticed a tentacled monstrosity
 28161 | Swamp:2  | Noticed a tentacled monstrosity
 28163 | Swamp:2  | Found a transporter.
 28183 | Swamp:2  | Noticed Louise
 28203 | Swamp:2  | Killed Louise
 28325 | Snake:1  | Bought a scroll of identify for 32 gold pieces
 28479 | Swamp:1  | Reached skill level 12 in Fighting
 29350 | Swamp:3  | Noticed a tentacled monstrosity
 29356 | Swamp:3  | Killed a tentacled monstrosity
 29608 | Swamp:3  | Reached skill level 13 in Fighting
 29937 | Swamp:3  | Found a runed translucent gate.
 29938 | Swamp:3  | Found a runed translucent gate.
 29938 | Swamp:3  | Noticed Liopnodgh's ghost (adept MiHu)
 29939 | Swamp:3  | Found a runed translucent gate.
 30266 | Swamp:3  | Killed Liopnodgh's ghost
 30299 | Swamp:3  | Identified the +7 long sword of Verdant Guilt {distort,
                  | Fly}
 30310 | Swamp:3  | Identified the ring "Lucaon" {Fire rN+}
 30502 | Snake:4  | Entered Level 4 of the Snake Pit
 30790 | Snake:4  | Reached skill level 14 in Fighting
 30873 | Snake:4  | Noticed Vashnia
 31050 | Snake:4  | Noticed Saint Roka
 31314 | Snake:4  | Killed Saint Roka
 31329 | Snake:4  | Reached XP level 18. HP: 85/91 MP: 32/32
 31422 | Snake:4  | Reached skill level 15 in Fighting
 31476 | Snake:4  | Killed Vashnia
 31610 | Snake:4  | Got a serpentine rune of Zot
 32354 | Swamp:4  | Entered Level 4 of the Swamp
 32356 | Swamp:4  | Noticed a tentacled monstrosity
 32366 | Swamp:4  | Killed a tentacled monstrosity
 32383 | Swamp:4  | Reached skill level 16 in Fighting
 33236 | Swamp:4  | Found a basalt altar of Yredelemnul.
 33287 | Swamp:4  | Reached skill level 17 in Fighting
 33427 | Swamp:4  | Found a blossoming altar of Fedhas.
 33500 | Swamp:4  | Got a decaying rune of Zot
 33504 | Swamp:4  | Learned a level 2 spell: Blink
 33905 | Elf:1    | Entered Level 1 of the Elven Halls
 33907 | Elf:1    | Paralysed by an air elemental for 1 turns
 33911 | Orc:2    | Reached skill level 1 in Translocations
 33963 | Elf:1    | Reached skill level 2 in Translocations
 34016 | Elf:1    | Reached skill level 3 in Translocations
 34143 | Elf:1    | Reached skill level 4 in Translocations
 34164 | Elf:1    | Reached skill level 5 in Translocations
 34191 | Elf:1    | Reached skill level 6 in Translocations
 34342 | Elf:1    | Reached skill level 7 in Translocations
 34349 | Elf:1    | Reached XP level 19. HP: 100/100 MP: 33/33
 34413 | Elf:1    | Reached skill level 8 in Translocations
 34522 | Elf:1    | Paralysed by an air elemental for 1 turns
 34585 | Elf:1    | Reached skill level 9 in Translocations
 34774 | Elf:1    | Reached skill level 10 in Translocations
 34933 | Elf:1    | Got the Folio of the Volley
 34938 | Elf:1    | Learned a level 3 spell: Portal Projectile
 35045 | Elf:1    | Reached skill level 11 in Translocations
 35171 | Elf:2    | Noticed Zenata
 35612 | Vaults:1 | Entered Level 1 of the Vaults
 35648 | Vaults:1 | Reached skill level 12 in Translocations
 35739 | Vaults:1 | Found a crumbling gateway.
 35769 | Desolati | Entered the Desolation of Salt
 35797 | Desolati | Identified a +0 robe of resistance
 35893 | Desolati | Reached skill level 13 in Translocations
 36046 | Vaults:1 | Shot with a bolt by a yaktaur captain

Vanquished Creatures
  Jorgrun (D:12)
  3 thorn hunters
  3 nagarajas (Snake:4)
  2 deep elf sorcerers (Elf:1)
  The ghost of Comisk the Nimble, a journeyman HuIE of the Shining One (D:13)
  A deep elf elementalist (Elf:2)
  Louise (Swamp:2)
  2 orc warlords (Orc:2)
  A hydra skeleton (Swamp:4)
  Azrael (D:13)
  Nessos (Lair:5)
  2 eleionomae
  A white draconian (IceCv)
  A ragged hierophant (Desolation)
  3 shambling mangroves (Swamp:4)
  4 salamander tyrants
  A vault guard (D:14)
  11 hydras
  3 catoblepae
  A servant of whispers (Desolation)
  A ghost crab (Swamp:2)
  Erica (D:8)
  7 boulder beetles
  5 centaur warriors
  2 two-headed ogres
  An anaconda (Snake:4)
  A deep troll earth mage (D:13)
  A tengu warrior (D:13)
  11 dancing weapons
  11 naga warriors
  3 death yaks (Lair:5)
  7 alligators
  20 naga sharpshooters
  5 orc high priests
  A shock serpent (Snake:1)
  6 deep elf knights
  A skyshark (Lair:5)
  A salamander mystic (Snake:3)
  A skeletal warrior (D:11)
  2 flayed ghosts (Swamp:4)
  3 goliath frogs
  A glowing orange brain (D:15)
  3 deep trolls (Vaults:1)
  3 swamp dragons (Swamp:4)
  2 spriggan druids
  A deep elf archer (Elf:1)
  2 spectral anacondas (Snake:4)
  A spectral hydra (Swamp:4)
  8 bog bodies
  A wizard (D:14)
  8 naga ritualists
  11 mana vipers
  10 ugly things
  20 deep elf pyromancers
  14 deep elf zephyrmancers
  6 orc knights (Orc:2)
  4 orc sorcerers (Orc:2)
  3 oklob plants (Swamp:4)
  3 will-o-the-wisps
  3 manticores
  A moth of wrath (shapeshifter) (D:13)
  A wolf spider (D:15)
  6 cyclopes
  12 salamanders
  9 elephants
  4 centaur zombies (D:12)
  10 cane toads
  A vault sentinel (Vaults:1)
  An ice statue (IceCv)
  35 black mambas
  A torpor snail (shapeshifter) (D:15)
  A guardian serpent (shapeshifter) (D:15)
  5 guardian serpents
  A molten gargoyle (Desolation)
  A torpor snail (Lair:4)
  22 naga magi
  A gargoyle (Desolation)
  7 centaur skeletons (D:12)
  A spectral sea snake (Snake:4)
  An efreet (D:13)
  4 rime drakes (IceCv)
  A kobold demonologist (D:13)
  8 komodo dragons
  An anaconda simulacrum (Snake:4)
  A yaktaur (shapeshifter) (D:15)
  A freezing wraith (Swamp:4)
  6 polar bears
  A bloated husk (Swamp:1)
  A sea snake skeleton (Snake:4)
  12 trolls
  5 tyrant leeches
  3 death drake zombies (Swamp:4)
  A meliai zombie (D:12)
  A raiju (shapeshifter) (D:12)
  2 spectral guardian serpents (Snake:4)
  3 saltlings (Vaults:1)
  14 hornets
  2 death drake skeletons (Swamp:4)
  A tarantella (shapeshifter) (Elf:1)
  8 dream sheep
  13 blink frogs
  Sigmund (D:1)
  9 slime creatures
  3 flying skulls
  20 spriggans
  5 shadows
  4 water elementals
  3 air elementals (Elf:1)
  A guardian serpent skeleton (Snake:4)
  5 wraiths
  5 wyverns
  34 yaks
  A centaur simulacrum (D:14)
  8 humans (D:14)
  5 basilisks
  A human (shapeshifter) (D:13)
  3 fire elementals (D:13)
  11 vampire mosquitoes
  A warg (Orc:2)
  3 steam dragons (D:8)
  44 nagas
  A death yak simulacrum (Orc:1)
  11 swamp worms
  A hydra simulacrum (Swamp:4)
  2 acid dragons
  2 hell hounds
  7 swamp drakes
  24 water moccasins
  A guardian serpent simulacrum (Snake:4)
  An ice beast (D:7)
  41 orc warriors
  A swamp dragon zombie (Swamp:4)
  7 ogres
  5 black bears
  20 wolves
  5 centaurs
  3 boggarts (Lair:5)
  A kobold brigand (D:9)
  12 bullfrogs
  2 scorpions
  15 wights
  4 lindwurm simulacra (IceCv)
  A vampire bat (D:5)
  2 spectral nagas (Snake:4)
  4 howler monkeys
  5 electric eels
  3 jellies (Lair:5)
  4 komodo dragon simulacra (IceCv)
  15 orc priests
  A hound (D:6)
  2 sleepcaps
  Jessica (D:2)
  5 hell rats (Lair:4)
  11 iguanas
  22 orc wizards
  A troll simulacrum (Orc:1)
  3 spriggan simulacra (Orc:1)
  7 acid dragon simulacra (IceCv)
  11 adders
  2 naga simulacra
  5 gnolls
  A shadow imp (D:7)
  5 white imps
  An ufetubus (D:7)
  5 steam dragon simulacra (IceCv)
  A worm (D:3)
  5 dart slugs
  3 fire bats (D:5)
  109 orcs
  2 spectral bats (D:5)
  22 bats
  3 bat skeletons (D:5)
  A bat zombie (D:5)
  5 endoplasms
  3 giant cockroaches
  5 goblins
  9 hobgoblins
  10 kobolds
  A quokka (D:2)
  3 ball pythons (D:1)
  A bat simulacrum (D:5)
  3 frilled lizards
  2 goblin skeletons (D:4)
  A goblin zombie (D:4)
  2 kobold skeletons (D:4)
  3 kobold zombies (D:4)
  An orc skeleton (D:4)
  6 rats
1100 creatures vanquished.

Vanquished Creatures (collateral kills)
  Vashnia (Snake:4)
  Saint Roka (Snake:4)
  2 tentacled monstrosities
  The ghost of Liopnodgh the Warrior, an adept MiHu of Gozag (Swamp:3)
  Donald (Snake:3)
  Aizul (Snake:1)
  An ironbound preserver (Vaults:1)
  2 vampire knights (Swamp:4)
  2 eleionomae
  2 bunyips (Swamp:4)
  5 hydras
  A vault guard (D:14)
  2 boulder beetles (D:13)
  3 anacondas
  A dancing weapon (Elf:1)
  7 alligators
  3 naga warriors
  4 naga sharpshooters
  An orc high priest (Orc:2)
  2 shock serpents
  A deep elf knight (Elf:1)
  3 spriggan druids
  2 swamp dragons
  A deep troll (Vaults:1)
  A flayed ghost (Swamp:4)
  2 deep elf archers (Elf:1)
  2 naga ritualists (Snake:3)
  A bog body (Swamp:3)
  3 deep elf pyromancers
  2 spectral hydras (Swamp:4)
  4 mana vipers
  A will-o-the-wisp (Swamp:2)
  A cyclops (D:13)
  2 ugly things (D:15)
  An elephant (Lair:2)
  2 guardian serpents (Snake:3)
  A centaur zombie (D:12)
  12 black mambas
  2 naga magi
  A cane toad (Lair:3)
  3 centaur skeletons (D:12)
  2 komodo dragons
  A tengu conjurer (D:13)
  2 efreet (D:13)
  3 anaconda simulacra (Snake:4)
  3 hydra zombies (Swamp:4)
  A spectral naga (Snake:4)
  A troll (D:11)
  A blink frog (Lair:3)
  A hydra skeleton (Swamp:4)
  A tarantella (shapeshifter) (D:13)
  5 tyrant leeches
  A spectral guardian serpent (Snake:4)
  2 saltlings (Desolation)
  3 slime creatures
  A shadow (D:13)
  A flying skull (D:12)
  3 wraiths
  5 yaks
  A water elemental (D:13)
  2 wyverns
  2 humans (D:14)
  A sea snake simulacrum (Snake:4)
  2 vampire mosquitoes
  A warg (Orc:2)
  2 hydra simulacra (Swamp:4)
  6 nagas
  2 water moccasins
  2 hell hounds (D:13)
  A swamp drake (Swamp:4)
  4 wolves
  2 centaurs
  3 bullfrogs
  A scorpion (D:5)
  4 wights
  A lindwurm simulacrum (IceCv)
  2 electric eels
  2 orc priests
  A troll simulacrum (Orc:1)
  3 orc wizards
  A spriggan simulacrum (Orc:1)
  A naga simulacrum (Snake:4)
  17 orcs
  A kobold (D:9)
193 creatures vanquished.

Vanquished Creatures (others)
  A deep elf pyromancer (Elf:1)
  28 knights
  5 ancestors
  A shadow imp (D:8)
  6 foxfires
41 creatures vanquished.

Grand Total: 1334 creatures vanquished

Table legend: (Time is in decaauts)
 A = Elapsed time spent in this place.
 B = Non-inter-level travel time spent in this place.
 C = Inter-level travel time spent in this place.
 D = Time resting spent in this place.
 E = Time spent auto-exploring this place.
 F = Levels seen in this place.
 G = Mean time per level.
                   A        B        C        D        E       F      G
               +--------+--------+--------+--------+--------+-----+--------+
         Total |  29804 |  26878 |   2926 |   2435 |  16107 |  36 |  827.9 |
       Dungeon |  12697 |  11443 |   1254 |    864 |   7341 |  15 |  846.5 |
        Temple |     39 |     30 |      9 |      0 |     22 |   1 |   39.0 |
          Lair |   4220 |   3718 |    502 |    357 |   2172 |   5 |  844.0 |
         Swamp |   3640 |   3340 |    300 |    305 |   2001 |   4 |  910.0 |
     Snake Pit |   5329 |   4854 |    475 |    405 |   2987 |   4 | 1332.2 |
  Orcish Mines |   1675 |   1500 |    175 |    160 |    722 |   2 |  837.5 |
   Elven Halls |   1434 |   1254 |    180 |    216 |    606 |   2 |  717.0 |
        Vaults |    227 |    199 |     28 |     37 |     79 |   1 |  227.0 |
      Ice Cave |    400 |    400 |      0 |     70 |    175 |   1 |  400.0 |
    Desolation |    138 |    138 |      0 |     19 |      0 |   1 |  138.0 |
               +--------+--------+--------+--------+--------+-----+--------+

Top non-repeatable levels by time:
    D:11: 1590 daAuts
 Snake:4: 1559 daAuts
 Snake:3: 1490 daAuts
   Elf:1: 1364 daAuts
 Snake:2: 1268 daAuts
    D:10: 1260 daAuts
    D:13: 1238 daAuts
   Orc:2: 1197 daAuts
  Lair:2: 1139 daAuts
 Swamp:4: 1109 daAuts
     D:7: 1067 daAuts
     D:5: 1046 daAuts
    D:15: 1042 daAuts
  Lair:5: 1029 daAuts
 Swamp:3: 1025 daAuts

Table legend:
 A = Non-vault XP
 B = Vault XP
 C = Vault XP percentage of total XP
 D = Non-vault monster count
 E = Vault monster count
 F = Vault count percentage of total count
                 A         B        C        D         E       F
            +---------+---------+-------+---------+---------+-------
      Total |  226806 |  184350 |  44.8 |     751 |     544 |  42.0
            +---------+---------+-------+---------+---------+-------
        D:1 |      57 |     243 |  81.0 |      26 |       2 |   7.1
        D:2 |      56 |      37 |  39.8 |      18 |       1 |   5.3
        D:3 |      72 |       0 |   0.0 |      19 |       0 |   0.0
        D:4 |     509 |      19 |   3.6 |      18 |      10 |  35.7
        D:5 |     632 |     174 |  21.6 |      17 |      20 |  54.1
        D:6 |     888 |     442 |  33.2 |      20 |      14 |  41.2
        D:7 |     990 |       0 |   0.0 |      12 |       0 |   0.0
        D:8 |    1168 |     831 |  41.6 |      15 |       1 |   6.2
        D:9 |    2453 |       0 |   0.0 |      22 |       0 |   0.0
       D:10 |     959 |    2073 |  68.4 |       9 |       9 |  50.0
       D:11 |    5924 |    3014 |  33.7 |      32 |      60 |  65.2
       D:12 |    3206 |   10250 |  76.2 |      17 |      28 |  62.2
       D:13 |    7859 |   16392 |  67.6 |      22 |      37 |  62.7
       D:14 |    6668 |    3668 |  35.5 |      11 |      12 |  52.2
       D:15 |    5837 |    4304 |  42.4 |      13 |       9 |  40.9
     Lair:1 |    4876 |     460 |   8.6 |      20 |       1 |   4.8
     Lair:2 |    8563 |    3901 |  31.3 |      30 |      13 |  30.2
     Lair:3 |    5133 |     694 |  11.9 |      20 |       3 |  13.0
     Lair:4 |    9651 |     209 |   2.1 |      35 |       1 |   2.8
     Lair:5 |    9600 |   11520 |  54.5 |      26 |      55 |  67.9
    Swamp:1 |   13249 |     392 |   2.9 |      29 |       3 |   9.4
    Swamp:2 |   11139 |    1128 |   9.2 |      18 |       1 |   5.3
    Swamp:3 |   17600 |    3210 |  15.4 |      30 |       3 |   9.1
    Swamp:4 |   12158 |   26453 |  68.5 |      18 |      44 |  71.0
    Snake:1 |   10925 |    1220 |  10.0 |      23 |       1 |   4.2
    Snake:2 |   14966 |    2311 |  13.4 |      29 |       4 |  12.1
    Snake:3 |   21003 |   11805 |  36.0 |      41 |      27 |  39.7
    Snake:4 |   15162 |   40215 |  72.6 |      37 |      76 |  67.3
      Orc:1 |    1443 |    1961 |  57.6 |      27 |      10 |  27.0
      Orc:2 |    6808 |    9826 |  59.1 |      56 |      31 |  35.6
      Elf:1 |   17644 |   19169 |  52.1 |      27 |      30 |  52.6
      Elf:2 |    3967 |       0 |   0.0 |       5 |       0 |   0.0
   Vaults:1 |    5641 |    1287 |  18.6 |       9 |       4 |  30.8
      IceCv |       0 |    3587 | 100.0 |       0 |      27 | 100.0
 Desolation |       0 |    3555 | 100.0 |       0 |       7 | 100.0
            +---------+---------+-------+---------+---------+-------
